[Event "Titled Tuesday Blitz December 13 Early 2022"]
[White "Migot, Tangi"]
[Black "Abdrlauf, Elham"]
[WhiteFideId "662445"]
[BlackFideId "1533533"]
[WhiteElo "2589"]
[BlackElo "2805"]
[Result "0-1"]
[Round "04"]
[TimeControl "180+1"]
[Date "2022.12.14"]
[WhiteClock "0:00:11"]
[BlackClock "0:00:54"]

1. c4 e6 2. g3 d5 3. Bg2 Nf6 4. Nf3 d4 5. O-O c5 6. e3 Nc6 7. exd4 cxd4 8. d3 Bd6 9. Bg5 h6 10. Bxf6 Qxf6 11. Nbd2 Qe7 12. a3 a5 13. Ne4 Bc7 14. b4 axb4 15. axb4 Rxa1 16. Qxa1 Qxb4 17. Nxd4 Nxd4 18. Qxd4 O-O 19. Qc5 Qxc5 20. Nxc5 b6 21. Nb3 Rd8 22. d4 Ba6 23. Rc1 e5 24. d5 Bd6 25. c5 bxc5 26. Nxc5 Rc8 27. Ra1 Bc4 28. Ne4 Bf8 29. Rc1 Ba6 30. Rxc8 Bxc8 31. h4 f5 32. Nd2 g6 33. Nc4 e4 34. f3 Bc5+ 35. Kh2 Ba6 36. Bf1 exf3 37. Kh3 g5 38. hxg5 hxg5 39. g4 f4 40. Nd2 Be2 41. Kh2 Be3 42. Bxe2 fxe2 43. Nf3 Bf2 44. d6 e1=Q 45. Nxe1 Bxe1 46. d7 Ba5 0-1


[Site "https://www.chess.com"]

[Event "Titled Tuesday Blitz December 13 Early 2022"]
[White "Mikhailovsky, Vladimir"]
[Black "Pham, Khoi"]
[WhiteFideId "34105414"]
[BlackFideId "1054988"]
[WhiteElo "2295"]
[BlackElo "2540"]
[Result "1-0"]
[Round "04"]
[TimeControl "180+1"]
[Date "2022.12.14"]
[WhiteClock "0:00:09"]
[BlackClock "0:00:01"]

1. Nf3 Nf6 2. d4 d5 3. Bg5 c5 4. e3 Nc6 5. c3 Bf5 6. dxc5 e6 7. b4 a5 8. Bb5 Be7 9. Nd4 Qd7 10. Nxf5 exf5 11. a3 h6 12. Bxf6 Bxf6 13. Ra2 O-O 14. O-O Qe6 15. Qb3 Ne5 16. Rd2 Rfd8 17. Rfd1 a4 18. Qa2 Nc4 19. Bxc4 dxc4 20. Rxd8+ Rxd8 21. Rxd8+ Bxd8 22. Nd2 Qd5 23. Qc2 Bf6 24. Nf3 Qd3 25. Qxd3 cxd3 26. b5 Bxc3 27. c6 bxc6 28. bxc6 Ba5 29. Kf1 Kf8 30. Ne5 d2 31. Ke2 Ke7 32. Nc4 Bc3 33. Nb6 Kd6 34. Nxa4 Ba5 35. Nb2 Kxc6 36. Nc4 Bc3 37. Nxd2 Bb2 38. a4 Kc5 39. Nb3+ Kb4 40. Nd4 g6 41. Kd3 Kxa4 42. Kc4 Ka5 43. Kc5 Ka6 44. Kd6 Ba3+ 45. Kd7 Kb6 46. Ke8 f6 47. Kf7 g5 48. Nxf5 h5 49. Kxf6 g4 50. Kg5 Bd6 51. Kxh5 Bxh2 52. Kxg4 Bg1 53. Kf3 Kc6 54. g3 Kd5 55. Kg2 Ke5 56. Kxg1 1-0


[Site "https://www.chess.com"]

[Event "Titled Tuesday Blitz December 13 Early 2022"]
[White "Mkrtchian, Lilit"]
[Black "Gjestemoen-VonHirsch, Andre"]
[WhiteFideId "13300601"]
[BlackFideId "1539531"]
[WhiteElo "2316"]
[BlackElo "2198"]
[Result "1-0"]
[Round "04"]
[TimeControl "180+1"]
[Date "2022.12.14"]
[WhiteClock "0:00:40"]
[BlackClock "0:00:05"]

1. Nf3 g6 2. e4 Bg7 3. d4 c5 4. dxc5 Na6 5. Bxa6 bxa6 6. O-O Bb7 7. Nc3 Rc8 8. Be3 Nf6 9. Bd4 O-O 10. Re1 Rc7 11. Nd5 Nxd5 12. exd5 d6 13. c6 Bc8 14. Bxg7 Kxg7 15. Qd4+ f6 16. c4 e5 17. dxe6 Re8 18. Qd5 Rce7 19. Nd4 Qb6 20. Qxd6 Qxb2 21. Rad1 Qxa2 22. c5 Bxe6 23. c7 Bc8 1-0


[Site "https://www.chess.com"]

[Event "Titled Tuesday Blitz December 13 Early 2022"]
[White "Moiseenko, Alexander"]
[Black "Keymer, Vincent"]
[WhiteFideId "14102560"]
[BlackFideId "12940690"]
[WhiteElo "2577"]
[BlackElo "2600"]
[Result "0-1"]
[Round "04"]
[TimeControl "180+1"]
[Date "2022.12.13"]
[WhiteClock "0:00:03"]
[BlackClock "0:00:06"]

1. d4 Nf6 2. Bg5 d5 3. e3 Ne4 4. Bf4 c5 5. Bd3 cxd4 6. exd4 Qb6 7. Bxe4 dxe4 8. Nc3 Qxb2 9. Nge2 Bg4 10. O-O Nc6 11. Qd2 Bxe2 12. Rfb1 Qa3 13. Nxe2 Qa6 14. d5 Rd8 15. c4 e6 16. Qc2 Na5 17. Qa4+ Rd7 18. Rb5 b6 19. Bd2 Qc8 20. Bxa5 bxa5 21. Rab1 Bd6 22. c5 Bc7 23. d6 O-O 24. dxc7 Qxc7 25. Qxa5 Qc6 26. h3 h6 27. Ng3 f5 28. Rb8 Rxb8 29. Rxb8+ Kh7 30. Rb1 f4 31. Nf1 e5 32. Rc1 Rd4 33. Qc3 h5 34. Qc2 Rd3 35. Qe2 g6 36. Nd2 Rd4 37. Nb3 f3 38. Nxd4 exd4 39. Qb2 Qf6 40. c6 h4 41. Qc2 Qg5 42. g3 hxg3 43. c7 gxf2+ 44. Kxf2 Qg2+ 45. Ke1 Qg1+ 46. Kd2 Qe3+ 47. Kd1 Qg1+ 48. Kd2 Qe3+ 49. Kd1 d3 50. Qd2 Qg1+ 51. Qe1 f2 52. Kd2 fxe1=Q+ 53. Rxe1 Qf2+ 54. Kd1 Qc2# 0-1


[Site "https://www.chess.com"]

[Event "Titled Tuesday Blitz December 13 Early 2022"]
[White "Molina Carretero, Daniel"]
[Black "Seifert, Henryk"]
[WhiteFideId "32071914"]
[BlackFideId "1100963"]
[WhiteElo "2109"]
[BlackElo "2120"]
[Result "1-0"]
[Round "04"]
[TimeControl "180+1"]
[Date "2022.12.14"]
[WhiteClock "0:01:30"]
[BlackClock "0:00:01"]

1. c4 c6 2. Nf3 d5 3. b3 Nf6 4. g3 Bf5 5. Bg2 e6 6. O-O Nbd7 7. Bb2 Be7 8. d3 h6 9. Nbd2 Bh7 10. a3 a5 11. Ra2 O-O 12. Qa1 Qb6 13. h3 Bd6 14. Ne5 Nxe5 15. Bxe5 Bxe5 16. Qxe5 Rfd8 17. Rb1 Rd7 18. Qb2 Bg6 19. Nf3 a4 20. Ne5 Re7 21. Nxg6 fxg6 22. b4 dxc4 23. dxc4 Rd8 24. c5 Qc7 25. Qc2 Kh7 26. Qxa4 e5 27. Rd1 Rde8 28. Rad2 e4 29. e3 Nd5 30. Qc2 Rf7 31. Rd4 1-0


[Site "https://www.chess.com"]

[Event "Titled Tuesday Blitz December 13 Early 2022"]
[White "Morefield, Jason"]
[Black "Kamsky, Gata"]
[WhiteFideId "30920825"]
[BlackFideId "2000024"]
[WhiteElo "2171"]
[BlackElo "2666"]
[Result "1-0"]
[Round "04"]
[TimeControl "180+1"]
[Date "2022.12.13"]
[WhiteClock "0:00:39"]
[BlackClock "0:00:01"]

1. d4 Nf6 2. c4 e6 3. Nf3 b6 4. g3 a5 5. Bg2 Ba6 6. b3 c6 7. O-O d5 8. Ne5 Bd6 9. Nd2 O-O 10. Bb2 Ra7 11. Rc1 Qe7 12. Re1 Ba3 13. Qc2 Bxb2 14. Qxb2 Rc8 15. e4 Qd8 16. cxd5 cxd5 17. Rxc8 Bxc8 18. exd5 Nxd5 19. Rc1 Ne7 20. Qc2 h6 21. Ndf3 Na6 22. Qe2 Rc7 23. Rxc7 Qxc7 24. h3 Nb4 25. a3 Qc1+ 26. Kh2 Qxa3 27. Qb5 Nbd5 28. Qe8+ Kh7 29. Nxf7 Bb7 30. Qh8+ Kg6 31. N7e5+ 1-0


[Site "https://www.chess.com"]

[Event "Titled Tuesday Blitz December 13 Early 2022"]
[White "Muminova, Nafisa"]
[Black "Mitrovic, Darko R"]
[WhiteFideId "14201526"]
[BlackFideId "927023"]
[WhiteElo "2258"]
[BlackElo "2150"]
[Result "1-0"]
[Round "04"]
[TimeControl "180+1"]
[Date "2022.12.14"]
[WhiteClock "0:00:34"]
[BlackClock "0:00:33"]

1. e4 a6 2. d4 b5 3. a4 b4 4. a5 e6 5. c3 Bb7 6. Bd3 c5 7. Qe2 Nf6 8. Nf3 Nc6 9. O-O Be7 10. Nbd2 Nxa5 11. e5 Nd5 12. Ne4 Nb3 13. Rb1 Nxc1 14. Rbxc1 bxc3 15. bxc3 Nf4 16. Qe3 Nxd3 17. Qxd3 Bxe4 18. Qxe4 cxd4 19. cxd4 O-O 20. d5 Bg5 21. Rcd1 Bh6 22. dxe6 fxe6 23. Rd6 Be3 24. Qxe3 Rf4 25. Qxf4 a5 26. Rfd1 Ra6 27. Rxa6 g5 28. Nxg5 a4 29. Qf7+ 1-0


[Site "https://www.chess.com"]

[Event "Titled Tuesday Blitz December 13 Early 2022"]
[White "Munkhgal, Gombosuren"]
[Black "Manukyan, Sargis A."]
[WhiteFideId "4901266"]
[BlackFideId "13303970"]
[WhiteElo "2577"]
[BlackElo "2187"]
[Result "1-0"]
[Round "04"]
[TimeControl "180+1"]
[Date "2022.12.14"]
[WhiteClock "0:01:53"]
[BlackClock "0:00:01"]

1. d4 c5 2. d5 e6 3. Nc3 exd5 4. Nxd5 Nf6 5. Nf3 Nxd5 6. Qxd5 Be7 7. e4 Nc6 8. e5 d6 9. Bf4 Be6 10. Qd2 d5 11. Bb5 Qb6 12. a4 O-O 13. O-O Rad8 14. Be2 d4 15. Bg5 Rfe8 16. a5 Qb4 17. h3 Bxg5 18. Qxg5 Qxb2 19. Bd3 c4 20. Be4 h6 21. Qf4 Qc3 22. a6 Bd5 23. axb7 d3 24. cxd3 cxd3 25. Rac1 Qb4 26. Rxc6 Bxe4 27. Rd6 Rxd6 28. exd6 Qxb7 29. Nd4 Qd5 30. Nb3 Bxg2 31. Rc1 Bxh3 32. Qg3 Bf5 33. Nd2 Rd8 34. Qf4 Bg6 35. Nc4 Qd4 36. Qxd4 1-0


[Site "https://www.chess.com"]

[Event "Titled Tuesday Blitz December 13 Early 2022"]
[White "Namitbir Singh Walia"]
[Black "Szyszylo, Rafal"]
[WhiteFideId "35071068"]
[BlackFideId "1109626"]
[WhiteElo "2239"]
[BlackElo "1981"]
[Result "1-0"]
[Round "04"]
[TimeControl "180+1"]
[Date "2022.12.14"]
[WhiteClock "0:01:03"]
[BlackClock "0:00:24"]

1. e4 d6 2. d4 Nf6 3. Nc3 g6 4. Bf4 Bg7 5. Qd2 c6 6. f3 b5 7. a3 a5 8. g4 Bb7 9. h4 h5 10. g5 Nfd7 11. Bh3 O-O 12. Nge2 e5 13. Be3 d5 14. exd5 exd4 15. Bxd4 Ne5 16. Bxe5 Bxe5 17. O-O-O b4 18. Nb1 bxa3 19. Nxa3 cxd5 20. f4 Bg7 21. f5 Be5 22. Nd4 Qb6 23. Rhe1 Na6 24. Rxe5 Nb4 25. fxg6 Rab8 26. gxf7+ Kh8 27. Re6 Na2+ 28. Kb1 Qc5 29. Rh6+ Kg7 30. Ne6+ 1-0


[Site "https://www.chess.com"]

[Event "Titled Tuesday Blitz December 13 Early 2022"]
[White "Odegov, Artem"]
[Black "Bilan, Danila"]
[WhiteFideId "34183644"]
[BlackFideId "24161918"]
[WhiteElo "2300"]
[BlackElo "2182"]
[Result "0-1"]
[Round "04"]
[TimeControl "180+1"]
[Date "2022.12.14"]
[WhiteClock "0:00:15"]
[BlackClock "0:00:12"]

1. d4 d5 2. c4 c6 3. Nc3 Nf6 4. Nf3 e6 5. Bg5 Nbd7 6. e3 Be7 7. Qc2 O-O 8. Rd1 b6 9. h4 Bb7 10. cxd5 Nxd5 11. Nxd5 exd5 12. Bd3 h6 13. Bf4 Bb4+ 14. Kf1 Rc8 15. g3 c5 16. Qb1 cxd4 17. Nxd4 Nf6 18. Bf5 Ra8 19. Kg2 Bd6 20. Rhe1 Bxf4 21. exf4 Ne4 22. Kg1 Qf6 23. Bxe4 dxe4 24. Nc2 Ba6 25. Ne3 Bd3 26. Qc1 Rac8 27. Qd2 Rfd8 28. Qb4 Rc5 29. Ng2 Qd4 30. Qd2 Rc2 31. Qe3 Rxb2 32. a4 Qxa4 33. f5 Qd4 34. Qf4 Qd6 35. Qe3 a5 36. Nf4 a4 37. Nh5 f6 38. Nf4 a3 39. Ne6 Ra8 40. Nf4 a2 41. Nxd3 exd3 42. Rxd3 Qc5 43. Qe6+ Kh7 44. Rf3 Rb1 45. Re3 a1=Q 46. Rxb1 Qxb1+ 47. Kh2 Qa2 48. Kg2 Qxe6 49. fxe6 Qe7 50. g4 b5 51. g5 hxg5 52. hxg5 fxg5 53. Rg3 Kg6 54. f4 Ra2+ 55. Kh1 Qb7+ 56. Kg1 Qb6+ 57. Kh1 Qc6+ 58. Rg2 Qxg2# 0-1


[Site "https://www.chess.com"]

[Event "Titled Tuesday Blitz December 13 Early 2022"]
[White "Oganian, Miran"]
[Black "Yedidia, Daniel"]
[WhiteFideId "4122488"]
[BlackFideId "30905907"]
[WhiteElo "2323"]
[BlackElo "2556"]
[Result "1-0"]
[Round "04"]
[TimeControl "180+1"]
[Date "2022.12.14"]
[WhiteClock "0:01:02"]
[BlackClock "0:00:02"]

1. e4 e5 2. Nf3 Nc6 3. Nc3 Nf6 4. d4 exd4 5. Nxd4 Bb4 6. Nxc6 bxc6 7. Bd3 d5 8. exd5 cxd5 9. O-O O-O 10. h3 c6 11. Qf3 h6 12. Bf4 Bd6 13. Ne2 Rb8 14. b3 Re8 15. Rfe1 Rb4 16. Bxd6 Qxd6 17. c3 Rb7 18. Nd4 Rbe7 19. Rxe7 Rxe7 20. Rd1 Ne4 21. Bxe4 Rxe4 22. Ne2 Qe7 23. Rd2 Ba6 24. Ng3 Re1+ 25. Kh2 Ra1 26. Ne2 Re1 27. Nd4 c5 28. Nf5 Qe5+ 29. Ng3 d4 30. cxd4 cxd4 31. Qa8+ Kh7 32. Qxa7 Bb5 33. Qxd4 Qg5 34. a4 Bc6 35. Rc2 Ba8 36. b4 h5 37. Rc5 Qg6 38. Rxh5+ 1-0


[Site "https://www.chess.com"]

[Event "Titled Tuesday Blitz December 13 Early 2022"]
[White "Ohanyan, Emin"]
[Black "Svane, Rasmus"]
[WhiteFideId "13312022"]
[BlackFideId "4657101"]
[WhiteElo "2352"]
[BlackElo "2674"]
[Result "1-0"]
[Round "04"]
[TimeControl "180+1"]
[Date "2022.12.13"]
[WhiteClock "0:00:03"]
[BlackClock "0:00:05"]

1. e4 c6 2. d4 d5 3. Nc3 dxe4 4. Nxe4 Nf6 5. Nxf6+ exf6 6. Bd3 Qxd4 7. Ne2 Qd8 8. Ng3 Be7 9. Qh5 Qd5 10. Qh4 f5 11. Qh5 g6 12. Qh6 Qxg2 13. Qg7 Rf8 14. Bh6 Be6 15. O-O-O Nd7 16. Rhe1 Nc5 17. Bxf5 gxf5 18. Nxf5 Qxf2 19. Nxe7 Kxe7 20. Qg5+ f6 21. Bxf8+ Rxf8 22. Qg7+ Rf7 23. Qg8 Nd7 24. Qc8 Qf4+ 25. Kb1 Qe5 26. Rxe5 fxe5 27. Qh8 e4 28. Qd4 Bd5 29. c4 Be6 30. Qxe4 Rf6 31. Qh4 Kd8 32. Qxf6+ 1-0


[Site "https://www.chess.com"]

[Event "Titled Tuesday Blitz December 13 Early 2022"]
[White "Omelja, Artem"]
[Black "Berezin, Viktor"]
[WhiteFideId "14119846"]
[BlackFideId "14107872"]
[WhiteElo "2404"]
[BlackElo "2310"]
[Result "1-0"]
[Round "04"]
[TimeControl "180+1"]
[Date "2022.12.14"]
[WhiteClock "0:00:20"]
[BlackClock "0:00:01"]

1. e4 c6 2. Ne2 d5 3. e5 c5 4. d4 Nc6 5. dxc5 e6 6. Be3 Nge7 7. c3 Nxe5 8. b4 Ng4 9. Bf4 e5 10. Bg3 Nf5 11. h3 Nxg3 12. Nxg3 Nf6 13. Nd2 g6 14. Bb5+ Bd7 15. Qe2 Qe7 16. O-O Bg7 17. Nf3 e4 18. Nd4 O-O 19. Rad1 a6 20. Bxd7 Nxd7 21. c4 dxc4 22. Qxe4 Qxe4 23. Nxe4 Ne5 24. Nd6 c3 25. Ne2 Nc6 26. a3 b6 27. cxb6 Rad8 28. Ne4 c2 29. Rc1 Rfe8 30. N2g3 f5 31. Nc5 Rd2 32. Nb3 Rd1 33. Rxc2 Rxf1+ 34. Kxf1 Ne5 35. b7 Nd7 36. Rc8 Kf7 37. Nc5 1-0


[Site "https://www.chess.com"]

[Event "Titled Tuesday Blitz December 13 Early 2022"]
[White "Orozbaev, Eldiar"]
[Black "Zeman, Matyas"]
[WhiteFideId "13802240"]
[BlackFideId "364398"]
[WhiteElo "2154"]
[BlackElo "2254"]
[Result "0-1"]
[Round "04"]
[TimeControl "180+1"]
[Date "2022.12.13"]
[WhiteClock "0:00:22"]
[BlackClock "0:01:15"]

1. e4 e6 2. d4 d5 3. Nd2 Nc6 4. Ngf3 Nf6 5. Bd3 Nb4 6. e5 Nxd3+ 7. cxd3 Nd7 8. O-O b6 9. Qe2 a5 10. Ne1 Ba6 11. f4 g6 12. g4 h5 13. f5 Qh4 14. fxe6 fxe6 15. Ng2 Qxg4 16. Qxg4 hxg4 17. Nf4 O-O-O 18. Nxe6 Re8 19. Nf4 g5 20. Nxd5 Bxd3 21. Re1 c6 22. Ne3 c5 23. Nxg4 cxd4 24. Nb3 a4 25. Nxd4 Bc5 26. Be3 Nxe5 27. Nxe5 Rxe5 28. Bf2 Rxe1+ 29. Rxe1 Rf8 30. Be3 Re8 0-1


[Site "https://www.chess.com"]

[Event "Titled Tuesday Blitz December 13 Early 2022"]
[White "Osiecki, Stanislaw"]
[Black "Deuer, Marius"]
[WhiteFideId "1102990"]
[BlackFideId "16236432"]
[WhiteElo "2088"]
[BlackElo "2226"]
[Result "0-1"]
[Round "04"]
[TimeControl "180+1"]
[Date "2022.12.14"]
[WhiteClock "0:00:43"]
[BlackClock "0:01:04"]

1. e4 c5 2. c3 Nf6 3. e5 Nd5 4. d4 cxd4 5. Nf3 Nc6 6. cxd4 d6 7. Bc4 Nb6 8. Bb5 d5 9. h3 Bf5 10. Bxc6+ bxc6 11. O-O e6 12. Nc3 Be7 13. Ne2 O-O 14. Ng3 Bg6 15. b3 c5 16. dxc5 Bxc5 17. Qe2 Rc8 18. Be3 Nd7 19. Bxc5 Nxc5 20. Rac1 Qa5 21. Rfd1 Ne4 22. Nxe4 Bxe4 23. Nd4 Qb6 24. Qe3 h6 25. f4 a5 26. Kh2 Qa6 27. Rxc8 Rxc8 28. Rc1 Rxc1 29. Qxc1 Qd3 30. Qg1 Qd2 31. Kg3 Bxg2 32. Qxg2 Qxd4 33. Qe2 Qc3+ 34. Kh2 d4 35. Kg2 d3 36. Qf2 Qc2 0-1


[Site "https://www.chess.com"]

[Event "Titled Tuesday Blitz December 13 Early 2022"]
[White "Osinovsky, Stepan"]
[Black "Liu, Casper"]
[WhiteFideId "4157354"]
[BlackFideId "1454153"]
[WhiteElo "2222"]
[BlackElo "2217"]
[Result "0-1"]
[Round "04"]
[TimeControl "180+1"]
[Date "2022.12.14"]
[WhiteClock "0:00:05"]
[BlackClock "0:00:07"]

1. Nf3 c5 2. g3 g6 3. Bg2 Bg7 4. O-O Nf6 5. Re1 O-O 6. e4 d6 7. d3 Nc6 8. a4 Rb8 9. e5 dxe5 10. Nxe5 Nxe5 11. Rxe5 Be6 12. Nd2 Nd5 13. Re1 Nb4 14. Ne4 b6 15. a5 Nc6 16. axb6 Qxb6 17. h4 Bd5 18. h5 Rfd8 19. hxg6 hxg6 20. c3 Na5 21. Ra3 Nb3 22. Bg5 Rd7 23. Qe2 Rbd8 24. Qc2 Be6 25. Be3 Rxd3 26. Ng5 Bc4 27. Ra4 Qb5 28. Rxa7 Nd2 29. Rxe7 Bb3 30. Qc1 Bf6 0-1


[Site "https://www.chess.com"]

[Event "Titled Tuesday Blitz December 13 Early 2022"]
[White "Ovchinnikov, Vsevolod"]
[Black "Rakhmatullaev, Almas"]
[WhiteFideId "24176842"]
[BlackFideId "14205793"]
[WhiteElo "2376"]
[BlackElo "2221"]
[Result "0-1"]
[Round "04"]
[TimeControl "180+1"]
[Date "2022.12.14"]
[WhiteClock "0:00:02"]
[BlackClock "0:00:07"]

1. d4 Nf6 2. c4 g6 3. Nc3 Bg7 4. e4 d6 5. h3 O-O 6. Nf3 e5 7. d5 Na6 8. Be3 Nh5 9. g3 f5 10. exf5 gxf5 11. Nh4 Nf4 12. Qc2 Ng6 13. Nxg6 hxg6 14. O-O-O f4 15. gxf4 Bf5 16. Qd2 exf4 17. Bd4 Qh4 18. Rg1 Rae8 19. Bxg7 Kxg7 20. Nb5 Nc5 21. Nxc7 Re7 22. Ne6+ Bxe6 23. dxe6 Rxe6 24. Rg4 Qf6 25. Bd3 Qd4 26. Qc2 Nxd3+ 27. Qxd3 Qxf2 28. Qc3+ Rff6 29. Rd2 Qe1+ 30. Kc2 Qe4+ 31. Kb3 Qe5 32. Qb4 f3 33. Qxb7+ Rf7 34. Qd5 f2 35. Qxe5+ Rxe5 36. Rxf2 Rxf2 0-1


[Site "https://www.chess.com"]

[Event "Titled Tuesday Blitz December 13 Early 2022"]
[White "Papasimakopoulos, Alexandros"]
[Black "Osmak, Yuliia"]
[WhiteFideId "4244125"]
[BlackFideId "14101602"]
[WhiteElo "2384"]
[BlackElo "2328"]
[Result "0-1"]
[Round "04"]
[TimeControl "180+1"]
[Date "2022.12.14"]
[WhiteClock "0:00:06"]
[BlackClock "0:00:14"]

1. d4 f5 2. e4 fxe4 3. Nc3 Nf6 4. Bg5 g6 5. f3 d5 6. fxe4 dxe4 7. Bc4 Bg7 8. Nge2 Bf5 9. Qd2 Nbd7 10. h3 Nb6 11. Bb3 Qd7 12. O-O-O O-O-O 13. d5 h5 14. Nf4 Kb8 15. Qe3 Qd6 16. a3 Qe5 17. Nd3 Nfxd5 18. Nxd5 exd3 19. Qxe5 Bxe5 20. Nxb6 axb6 21. Bxe7 d2+ 22. Kb1 Rd7 23. Bg5 Be4 24. Rhg1 Bh2 25. Rh1 Be5 26. Rxd2 Rxd2 27. Bxd2 Bxg2 28. Rg1 Bxh3 29. Rxg6 h4 30. Bd5 Bc8 31. Rg5 Bd6 32. Bc3 Rf8 33. Rh5 h3 34. b4 h2 35. Kb2 Rf5 36. Rxf5 Bxf5 37. a4 c6 38. Bg2 Be6 39. b5 Bd5 40. Bh1 Bxh1 41. Be5 Bxe5+ 0-1


[Site "https://www.chess.com"]

[Event "Titled Tuesday Blitz December 13 Early 2022"]
[White "Pein, Jonathan"]
[Black "Crevatin, Leo"]
[WhiteFideId "417092"]
[BlackFideId "1726307"]
[WhiteElo "2225"]
[BlackElo "2190"]
[Result "1-0"]
[Round "04"]
[TimeControl "180+1"]
[Date "2022.12.14"]
[WhiteClock "0:02:05"]
[BlackClock "0:01:48"]

1. e4 c5 2. Nf3 d6 3. d4 cxd4 4. Nxd4 Nf6 5. Nc3 Nc6 6. Nb3 g6 7. Be3 Bg7 8. Be2 O-O 9. h4 h5 10. Qd2 Re8 11. O-O-O Ne5 12. f3 Be6 13. Kb1 Rc8 14. Nd5 Bxd5 15. exd5 Nc4 16. Bxc4 Rxc4 17. Bh6 Bh8 18. g4 hxg4 19. h5 Qd7 20. hxg6 fxg6 21. Qd3 Qf5 22. Qxc4 gxf3 23. Nd4 Qxd5 24. Qxd5+ Nxd5 25. Nxf3 Nf6 26. Be3 a6 27. Ng5 Ng4 28. Bb6 Bf6 29. Ne4 Be5 30. Rhg1 Nf6 31. Nxf6+ Bxf6 32. Rxg6+ Kf7 33. Rgg1 Rh8 34. Bd4 1-0


[Site "https://www.chess.com"]

[Event "Titled Tuesday Blitz December 13 Early 2022"]
[White "Perera Alfonso, Rene Humberto"]
[Black "Putnam, Liam"]
[WhiteFideId "3514722"]
[BlackFideId "30938279"]
[WhiteElo "2313"]
[BlackElo "2082"]
[Result "0-1"]
[Round "04"]
[TimeControl "180+1"]
[Date "2022.12.14"]
[WhiteClock "0:00:14"]
[BlackClock "0:00:14"]

1. e4 g6 2. d4 Bg7 3. Nc3 d6 4. Be3 a6 5. f4 b5 6. Bd3 Nd7 7. Nf3 c5 8. e5 cxd4 9. Bxd4 b4 10. Ne2 dxe5 11. fxe5 e6 12. Be4 Rb8 13. Qd2 Qc7 14. O-O-O Ne7 15. h4 h6 16. Kb1 Nc6 17. Nf4 Nxd4 18. Qxd4 O-O 19. Nd3 Rb5 20. h5 g5 21. Qd6 Bxe5 22. Ndxe5 Qxd6 23. Nxd7 Qxd7 24. Rxd7 Bxd7 25. Rd1 Rd8 26. Bc6 Bxc6 27. Rxd8+ Kg7 28. Nd4 Rc5 29. Rc8 Rd5 30. Rxc6 Rxd4 31. b3 a5 32. Rc5 Rd5 33. Rxd5 exd5 34. c3 bxc3 35. Kc2 d4 36. a3 Kf6 37. b4 axb4 38. axb4 Ke6 39. g4 Kd6 40. Kd3 Kd5 41. Kc2 Kc4 42. b5 d3+ 43. Kc1 Kxb5 0-1


[Site "https://www.chess.com"]

[Event "Titled Tuesday Blitz December 13 Early 2022"]
[White "Perez Rodriguez, Jennifer"]
[Black "Klepikov, Nikita"]
[WhiteFideId "3507831"]
[BlackFideId "24145220"]
[WhiteElo "2170"]
[BlackElo "2025"]
[Result "0-1"]
[Round "04"]
[TimeControl "180+1"]
[Date "2022.12.14"]
[WhiteClock "0:00:03"]
[BlackClock "0:00:06"]

1. e4 c5 2. c3 d5 3. exd5 Qxd5 4. d4 cxd4 5. cxd4 Nc6 6. Nf3 e5 7. Nc3 Qa5 8. dxe5 Bb4 9. Bd2 Nxe5 10. Bb5+ Bd7 11. Qe2 Bxc3 12. Bxd7+ Kxd7 13. Nxe5+ Qxe5 14. Bxc3 Qxe2+ 15. Kxe2 Re8+ 16. Kf3 f6 17. Rad1+ Kc8 18. Rhe1 Ne7 19. Re6 Nc6 20. Rde1 Ne5+ 21. R6xe5 fxe5 22. Bxe5 Rhf8+ 23. Kg3 Re6 24. f4 Rc6 25. Re2 Rf7 26. Kf3 b6 27. g4 g6 28. g5 Rc1 29. Bf6 Kd7 30. Rd2+ Kc7 31. Rd4 Rf1+ 32. Ke4 Re1+ 33. Kf3 Rf1+ 34. Kg2 Rc1 35. Ra4 Rc2+ 36. Kg3 Kc6 37. Re4 a5 38. Re8 Rc1 39. Be5 Kb5 40. Re6 Rc2 41. Bd4 Rd7 42. Rxb6+ Ka4 43. Be5 Rd3+ 44. Kg4 Rxh2 45. f5 Rg2+ 46. Kf4 gxf5 47. Kxf5 Rf2+ 48. Ke6 Re2 49. b3+ Ka3 50. Rb5 Kxa2 51. Rxa5+ Kb1 52. Ra1+ Kc2 53. Ra2+ Kd1 54. Rxe2 Kxe2 55. b4 Rb3 56. Bd6 Kf3 57. Kf7 Kg4 58. Be7 Kh5 59. Kg7 Rb2 60. Bd6 Ra2 61. Be7 Rb2 62. Kxh7 Re2 63. Bf6 Rb2 64. Be7 Re2 65. Bd6 Rb2 66. g6 Rg2 67. Be5 Rxg6 68. Bd6 Rxd6 69. Kg7 Rb6 70. Kf7 Rxb4 71. Ke7 Re4+ 0-1


[Site "https://www.chess.com"]

[Event "Titled Tuesday Blitz December 13 Early 2022"]
[White "Petrova, Irina"]
[Black "Yurasova, Daria"]
[WhiteFideId "14124122"]
[BlackFideId "34146919"]
[WhiteElo "2023"]
[BlackElo "2098"]
[Result "0-1"]
[Round "04"]
[TimeControl "180+1"]
[Date "2022.12.14"]
[WhiteClock "0:00:06"]
[BlackClock "0:00:11"]

1. e4 e5 2. Nf3 Nc6 3. Bb5 a6 4. Ba4 Nf6 5. d3 b5 6. Bb3 Be7 7. c3 d6 8. O-O O-O 9. h3 Bb7 10. Nbd2 h6 11. Re1 Re8 12. Nf1 Bf8 13. Ng3 Ne7 14. Nh4 Bc8 15. Qf3 Nc6 16. Ng6 Be6 17. Nxf8 Rxf8 18. Bc2 Nh7 19. Nf5 Ne7 20. d4 Ng6 21. d5 Bd7 22. a4 Nh4 23. Nxh4 Qxh4 24. axb5 axb5 25. Rxa8 Rxa8 26. Kh2 Qf6 27. Qg3 Nf8 28. f4 exf4 29. Bxf4 Ng6 30. Rf1 Nxf4 31. Rxf4 Qe5 32. Rf2 Qxg3+ 33. Kxg3 Ra2 34. Bd3 f6 35. Kf4 g5+ 36. Ke3 Kf7 37. b4 Ra3 38. Kd4 Ke7 39. Bb1 Ra1 40. Bd3 h5 41. Re2 g4 42. hxg4 Bxg4 43. Rf2 Bd7 44. Ke3 Ra3 45. Kd4 h4 46. Bb1 Ra1 47. Bd3 Rd1 48. Ke3 Re1+ 49. Re2 Rg1 50. Kf4 Rh1 51. Rf2 Rc1 52. Rc2 Re1 53. Re2 Ra1 54. Rc2 Rf1+ 55. Ke3 Rg1 56. Rf2 Kf7 57. Rc2 Kg6 58. Kf2 Rd1 59. Ke3 Kg5 60. Ke2 Ra1 61. Ke3 Kg4 62. Rf2 Rc1 63. Be2+ Kg5 64. Kd2 Rg1 65. Bf3 Ra1 66. Ke3 Ra3 67. Kd4 Ra1 68. Ke3 f5 69. exf5 Bxf5 70. Kd4 Rd1+ 71. Ke3 Rd3+ 72. Ke2 Rxc3 73. Kd2 Rc2+ 74. Ke1 Rc4 75. Rb2 Rd4 76. Kf2 Be4 77. Bxe4 Rxe4 78. Rc2 Re7 79. Rc6 Kf5 80. Ra6 Ke5 81. Ra5 Kxd5 82. Rxb5+ Kc4 83. Rh5 Kxb4 84. Rxh4+ Kb5 85. g4 c5 86. g5 c4 87. g6 Rg7 88. Rg4 Kb4 89. Ke2 d5 90. Kd2 Kc5 91. Kc3 Kb5 92. Kd4 Kc6 93. Rg5 c3 94. Kxc3 Kd6 95. Kd4 Ke6 96. Rg4 Kf5 97. Kxd5 Kxg4 98. Ke5 Rxg6 0-1


[Site "https://www.chess.com"]

[Event "Titled Tuesday Blitz December 13 Early 2022"]
[White "Petrovic, Aleksa"]
[Black "Chernobay, Artem"]
[WhiteFideId "967629"]
[BlackFideId "4167406"]
[WhiteElo "2230"]
[BlackElo "2474"]
[Result "0-1"]
[Round "04"]
[TimeControl "180+1"]
[Date "2022.12.14"]
[WhiteClock "0:00:01"]
[BlackClock "0:00:18"]

1. d4 Nf6 2. c4 e6 3. Nf3 d5 4. Nc3 Be7 5. Bf4 c5 6. dxc5 Bxc5 7. e3 O-O 8. cxd5 Nxd5 9. Nxd5 exd5 10. a3 Nc6 11. Bd3 Bb6 12. O-O Bg4 13. b4 a6 14. Ra2 Qf6 15. h3 Bh5 16. Rd2 d4 17. Kh2 dxe3 18. fxe3 h6 19. Qb3 Rad8 20. Rdf2 Rd7 21. Bc4 Qd8 22. Bg3 Bc7 23. Bxc7 Qxc7+ 24. Kg1 b5 25. Be2 Re7 26. g4 Bg6 27. Kg2 Be4 28. Bd3 Bxf3+ 29. Rxf3 Ne5 30. Rf5 Qc6+ 31. Kg3 Nxd3 32. Qxd3 Rfe8 33. R5f3 f6 34. R1f2 Rd7 35. Qg6 Re6 36. Rf5 Rxe3+ 37. Kh4 Qc7 38. Rxf6 Qg3+ 39. Kh5 Qxh3# 0-1


[Site "https://www.chess.com"]